 Dungeon Crawl Stone Soup version 0.28.0 (webtiles) character file.

Game seed: 2515428687956560857

1 spaghetti the Sneak (level 1, -5/18 HPs)
             Began as a Demonspawn Delver on Feb 18, 2022.
             Slain by a gnoll (7 damage)
             ... on level 5 of the Dungeon.
             The game lasted 00:00:49 (214 turns).

spaghetti the Sneak (Demonspawn Delver)              Turns: 214, Time: 00:00:50

Health: -5/18      AC:  4    Str: 12    XL:     1   Next: 16%
Magic:  1/1        EV: 11    Int: 11    God:
Gold:   0          SH:  0    Dex: 14    Spells: 0/0 levels left

rFire   . . .      SeeInvis .   a - +0 short sword
rCold   . . .      Faith    .   (no shield)
rNeg    . . .      Spirit   .   b - +0 leather armour
rPois   .          Reflect  .   (no helmet)
rElec   .          Harm     .   (no cloak)
rCorr   .          Rampage  .   (no gloves)
Will    .....                   i - +0 pair of boots
Stlth   ++........              (no amulet)
HPRegen 0.06/turn               (no ring)
MPRegen 0.07/turn               (no ring)

@: brilliant
A: no striking features
a: no special abilities


You were on level 5 of the Dungeon.
You visited 1 branch of the dungeon, and saw 2 of its levels.

Inventory:

Hand Weapons
 a - a +0 short sword (weapon)
Armour
 b - a +0 leather armour (worn)
 i - a +0 pair of boots (worn)
Wands
 g - a wand of digging (3)
Scrolls
 c - a scroll of fog
 d - a scroll of magic mapping
Potions
 f - a potion of haste


   Skills:
 - Level 3.0 Fighting
 + Level 1.9 Short Blades
 - Level 1.7 Dodging
 - Level 4.5 Stealth


You couldn't memorise any spells.
You didn't know any spells.
Your spell library contained the following spells:

 Spells                   Type           Power      Damage    Failure   Level
 Dazzling Flash           Conj/Hex       0%         N/A       80%         3
 Agony                    Necr           0%         N/A       100%        5
 Silence                  Hex/Air        0%         N/A       100%        5


Dungeon Overview and Level Annotations

Branches:
Dungeon (6/15)
 Temple: D:4-7

Altars:


Message History

The jackal bites you but does no damage.
The jackal barely misses you.
You hit the jackal.
You kill the jackal!
The gnoll throws a throwing net.
The throwing net hits you.
You become entangled in the net!
You struggle against the net.
You struggle against the net.
The gnoll barely misses you.
You struggle against the net.
The gnoll hits you with a +0 whip.
You struggle against the net.
The gnoll hits you with a +0 whip.
You rip the net and break free!
The gnoll hits you with a +0 whip.
You hit the gnoll.
The gnoll is moderately wounded.
The gnoll hits you with a +0 whip.
You hit the gnoll but do no damage.
The gnoll is moderately wounded.
The gnoll hits you with a +0 whip.
* * * LOW HITPOINT WARNING * * *
It was a potion of brilliance.
You feel clever all of a sudden. The gnoll barely misses you.
As you read the scroll labelled ELINOUPPEL, it crumbles to dust.
It is a scroll of identify.
You don't have any unidentified items.
The hound barks!
The gnoll barely misses you.
Okay, then.
Okay, then.
The gnoll closely misses you. The hound closely misses you.
The hound completely misses you.
You hit the hound.
The hound is lightly wounded.
The hound closely misses you. The hound bites you.
* * * LOW HITPOINT WARNING * * *
The hound closely misses you. The hound bites you.
* * * LOW HITPOINT WARNING * * *
The gnoll hits you with a +0 flail!
You die...

#.... #..#### #....
#.....# #.... #.##..##.
#.... ##.#.#.... #....##
##...........
#.....######.......#....
#.........g.......###...
#.###..gh#####....##....
#.......@####.....#....#
#####......#..>......#
##........#....#.#
###.....##.>..##.#
##...###.......# ###
#..#.....##...#
##.###..##....# .#.#
#........#...## # #
#..........####


You could see a hound and a gnoll.

Vanquished Creatures
  A jackal (D:5)
1 creature vanquished.

Notes
Turn   | Place    | Note
-------+----------+-------------------------------------------
     0 | D:5      | spaghetti the Demonspawn Delver began the quest for the
                  | Orb.
     0 | D:5      | Reached XP level 1. HP: 18/18 MP: 1/1
   151 | D:5      | Noticed a hound
   157 | D:5      | Noticed a gnoll shaman
   214 | D:5      | Slain by a gnoll

Illustrated notes

Levels and vault maps discovered:
D:5:      layout_cave_pools, minmay_temple_entry_enclosed_plants,
          serial_gnoll_camp, gnoll_camp_mini_sergeant, gnoll_camp_medium_01,
          gnoll_camp_mini_hut, gnoll_camp_mini_basic, gnoll_camp_mini_basic,
          hangedman_decor_slide_cut, kennysheep_another_room
D:6:      layout_basic, nicolae_take_the_stairs, minivault_19, kennysheep_donut,
          kennysheep_diamond, sword_in_stone, uniq_maggie

Action                   || total
-------------------------++-------
Melee: Short sword       ||    15
  Use: Scroll            ||     2
       Potion            ||     1
Armor: Leather armour    ||     5
Dodge: Dodged            ||    20
